 Seeded DCSS version 0.29.1-15-g9cfb28693d (webtiles) character file.

Game seed: 12947039438745426135 (custom seed)

108 Psyclone the Stinger (level 4, -11/27 HPs)
             Began as an Octopode Venom Mage on Sept 20, 2023.
             Was an Initiate of Gozag.
             Mangled by an ogre
             ... wielding a +0 giant club
              (32 damage)
             ... on level 5 of the Dungeon.
             The game lasted 00:10:02 (2608 turns).

Psyclone the Stinger (Octopode Venom Mage)          Turns: 2608, Time: 00:10:02

Health: -11/27     AC:  1    Str:  7    XL:     4   Next: 87%
Magic:  3/7        EV: 13    Int: 19    God:    Gozag
Gold:   359        SH:  0    Dex: 15    Spells: 4/7 levels left

rFire   . . .      SeeInvis .   h - +5 spear of Resourcefulness {speed, Dex+3}
rCold   . . .      Faith    .   (no shield)
rNeg    . . .      Spirit   .   (helmet restricted)
rPois   .          Reflect  .   (no amulet)
rElec   .          Harm     .   (no ring)
rCorr   .          Rampage  .   (no ring)
Will    .....                   (no ring)
Stlth   +++.......              (no ring)
HPRegen 0.09/turn               (no ring)
MPRegen 0.10/turn               (no ring)
                                (no ring)
                                (no ring)

@: no status effects
A: almost no armour, amphibious, 8 rings, camouflage 1, gelatinous body 1,
(nimble swimmer 1), tentacles
a: Renounce Religion, Potion Petition, Call Merchant, Bribe Branch


You were on level 5 of the Dungeon.
You worshipped Gozag.
Gozag was aware of your devotion.
You visited 2 branches of the dungeon, and saw 6 of its levels.

You collected 440 gold pieces.
You paid 81 gold pieces to Gozag.

Inventory:

Hand Weapons
 h - the +5 spear of Resourcefulness (weapon) {speed, Dex+3}
   (You found it on level 1 of the Dungeon)

   Attacks with this weapon are significantly faster.
   Dex:       It affects your dexterity (+3).
Magical Staves
 g - a staff of conjuration
Scrolls
 a - 5 scrolls of identify {unknown}
 b - a scroll of blinking {unknown}
Potions
 c - a potion of might {unknown}
 d - 4 potions of brilliance {unknown}
 e - a potion of cancellation {unknown}
 f - a potion of magic


   Skills:
 - Level 2.0 Dodging
 - Level 2.6 Stealth
 - Level 2.0 Spellcasting
 - Level 1.0 Transmutations
 + Level 6.5 Poison Magic


You had 4 spell levels left.
You knew the following spells:

 Your Spells              Type           Power      Damage    Failure   Level
a - Poisonous Vapours     Pois/Air       28%        N/A       7%          2
v - Sting                 Tmut/Pois      64%        1d6       3%          1

Your spell library contained the following spells:

 Spells                   Type           Power      Damage    Failure   Level
 Olgreb's Toxic Radiance  Pois           26%        N/A       12%         4
 Sandblast                Erth           2%         2d4       17%         1
 Passwall                 Tmut/Erth      2%         N/A       21%         2
 Mephitic Cloud           Conj/Pois/Air  10%        N/A       21%         3
 Stone Arrow              Conj/Erth      2%         3d7       45%         3


Dungeon Overview and Level Annotations

Branches:
Dungeon (4/15) Zot: 26954  Temple (1/1) D:4 Zot: 5968

Altars:
Ashenzari
Elyvilon
Fedhas
Gozag
Makhleb
Nemelex Xobeh
Okawaru
Ru
Sif Muna
Vehumet
Wu Jian
Xom
Yredelemnul
Zin
The Shining One

Shops:
D:1 =   D:2 :

Annotations:
D:5 Edmund


Innate Abilities, Weirdness & Mutations

You cannot wear most types of armour.
You are amphibious.
You can wear up to eight rings at the same time.
Your skin changes colour to match your surroundings (Stealth+).
Your rubbery body absorbs attacks. (AC +1, EV +1)
((You are camouflaged when in or above water. (Stealth+)))
You have tentacles for arms and can constrict up to eight enemies at once.


Message History

The adder barely misses you.
You hit the orc. You grab the orc.
You tentacle-slap the orc, but do no damage.
The orc is severely wounded.
You constrict the adder.
You constrict the orc, but do no damage.
The adder misses you. The orc barely misses you.
You hit the orc but do no damage.
The orc is severely wounded.
You constrict the adder.
You kill the adder!
You constrict the orc, but do no damage.
You hit the orc.
You kill the orc!
The orc is distracted by your dazzling golden aura.
The orc shouts!
You hit the orc. Your grab misses the orc. Your squeeze misses the orc.
The orc is almost dead.
The orc hits you with a +0 club. The ogre closely misses you.
You take 1 damage, and have 19/27 hp.
You closely miss the orc. You grab the orc. You squeeze the orc.
You kill the orc!
The ogre attacks as you move away! The ogre barely misses you.
Items here: $ ( )) [.
You hit the orc.
The orc is no longer distracted by gold.
Your grab misses the orc. Your squeeze misses the orc.
The orc is severely wounded.
The orc completely misses you.
You puncture the orc!
You kill the orc!
The ogre barely misses you.
Things that are here:
5 gold pieces; a +0 short sword A jelly comes into view.
The ogre attacks as you move away!
The ogre hits you with a +0 giant club!!
Ouch! That really hurt!
You die...
Your body crumbles into a pile of gold.

#......# #.####.#
##########.####.#
#..$.$..O.......##
#$########........
.............###...
#..........#..#
...#.
#.#.######O.#.#
#..##. #.#.
#@###.....# .@ # #.
#<.# .).O#. .. #.
#.#..##.# #.##.#
#.. #.# .# ## #.# #
..# J..


You could see an ogre and a jelly (asleep).

Vanquished Creatures
  5 adders
  2 dart slugs
  3 orcs (D:5)
  6 ball pythons
  3 bats
  2 endoplasms
  4 giant cockroaches
  4 goblins
  4 hobgoblins
  8 jackals
  4 kobolds
  A quokka (D:1)
  2 frilled lizards (D:2)
  5 rats
53 creatures vanquished.

Notes
Turn   | Place    | Note
-------+----------+-------------------------------------------
     0 | D:1      | Psyclone the Octopode Venom Mage began the quest for the
                  | Orb.
     0 | D:1      | Reached XP level 1. HP: 11/11 MP: 3/3
   109 | D:1      | Found a faded altar of an unknown god.
   114 | D:1      | Identified the +5 spear of Resourcefulness {speed, Dex+3}
   188 | D:1      | Reached skill level 4 in Poison Magic
   289 | D:4      | Reached XP level 2. HP: 17/17 MP: 1/5
   364 | D:4      | Found a staircase to the Ecumenical Temple.
   370 | Temple   | Entered the Ecumenical Temple
   396 | Temple   | Became a worshipper of Gozag Ym Sagoz the Greedy
   857 | D:1      | Found Dunosm's One-of-a-Kind Rings.
   870 | D:1      | Learned a level 2 spell: Poisonous Vapours
   880 | D:1      | Reached skill level 5 in Poison Magic
   880 | D:1      | Reached XP level 3. HP: 19/21 MP: 1/6
  1791 | D:2      | Reached XP level 4. HP: 27/27 MP: 7/7
  1917 | D:2      | Found Jetott's Book Shop.
  1970 | D:2      | Reached skill level 6 in Poison Magic
  2559 | D:3      | You fall into a shaft and drop 2 floors!
  2559 | D:5      | Entered Level 5 of the Dungeon
  2562 | D:5      | Noticed Edmund
  2562 | D:5      | Noticed an ogre
  2608 | D:5      | Mangled by an ogre

Illustrated notes

Levels and vault maps discovered:
D:1:      kennysheep_arrival_forest, layout_rooms,
          hellmonk_ecumenical_altar_lost_god, nicolae_shop_unique_rings,
          serial_bayou_ford_a
D:2:      layout_basic, serial_shops, nicolae_shop_trees
D:3:      kennysheep_big_flooded_room, layout_loops_ring, serial_shops,
          nicolae_lakefront_shop, uniq_natasha
D:4:      layout_rooms, minmay_temple_entry_fiery
D:5:      layout_loops_ring, uniq_grinder, uniq_edmund
Temple:   minmay_freezing_vapour_temple

Skill      XL: |  1  2  3  4 |
---------------+-------------+-----
Poison Magic   | 4 5 6 |  6.5
Dodging        | |  2.0
Stealth        | |  2.6
Spellcasting   | |  2.0
Transmutations | |  1.0

Action                   |  1- 3 |  4- 6 || total
-------------------------+-------+-------++-------
Melee: Spear             |    45 |    35 ||    80
       Constrict         |    13 |     7 ||    20
       Tentacles         |     7 |     7 ||    14
       Punch             |     1 |     1 ||     2
 Cast: Sting             |    10 |       ||    10
       Poisonous Vapours |     9 |    14 ||    23
 Stab: Sleeping          |     6 |     1 ||     7
Armor: Skin              |     3 |     1 ||     4
Dodge: Dodged            |    25 |    33 ||    58
